[Event "Titled Tuesday Blitz April 11 Early 2023"]
[White "Darini, Pouria"]
[Black "Nurgaliyeva, Zarina"]
[WhiteFideId "12502200"]
[BlackFideId "13730096"]
[WhiteElo "2482"]
[BlackElo "2134"]
[Result "1/2-1/2"]
[Round "01"]
[TimeControl "180+2"]
[Date "2023.04.11"]
[WhiteClock "0:00:28"]
[BlackClock "0:00:10"]

1. d4 Nf6 2. Bg5 d5 3. Bxf6 exf6 4. e3 Be6 5. c4 dxc4 6. Nd2 b5 7. a4 c6 8. Ne2 Nd7 9. Nf4 Bb4 10. Nxe6 fxe6 11. axb5 Bxd2+ 12. Qxd2 cxb5 13. b3 Nb6 14. Qb4 Qd5 15. Ra5 a6 16. bxc4 Nxc4 17. Bxc4 Qxc4 18. Qxc4 bxc4 19. Kd2 Ke7 20. Kc3 Rhb8 21. Rha1 Rb3+ 22. Kxc4 Rb2 23. R1a2 Rc8+ 24. Kd3 Rcc2 25. Rxb2 Rxb2 26. Rxa6 Rxf2 27. Ra7+ Kf8 28. g4 Rxh2 29. Ke4 Rf2 30. d5 exd5+ 31. Kxd5 Rg2 32. Ke6 g6 33. Kxf6 Ke8 34. g5 Rf2+ 35. Kg7 Rf5 36. Kh6 Re5 37. Rxh7 Rxe3 38. Kxg6 Re6+ 39. Kf5 Ra6 40. Rb7 Kf8 41. Kg4 Kg8 42. Kh5 Kh8 43. Rb8+ Kg7 44. Rb7+ Kh8 45. Rb5 Kg7 46. Rf5 Kg8 47. Re5 Kg7 48. Kg4 Ra4+ 49. Kf5 Ra6 50. Re7+ Kf8 51. Rd7 Kg8 52. Rc7 Kf8 53. Rb7 Kg8 54. Rc7 Kf8 55. Rc4 Kg8 56. Rd4 Kg7 57. Rd7+ Kg8 58. Kg4 Kf8 59. Kh5 Kg8 60. Rc7 Kf8 61. Rb7 Kg8 62. Rb5 Kg7 63. Rd5 Kh7 64. Rd7+ Kg8 65. Re7 Kf8 66. Rh7 Kg8 67. Rh6 Ra1 68. Rd6 Ra7 69. Kh6 Rh7+ 70. Kg6 Rg7+ 71. Kf5 Rf7+ 72. Kg6 Rg7+ 73. Kf5 Rf7+ 74. Rf6 Ra7 75. Kg6 Rg7+ 76. Kh5 Rh7+ 77. Kg4 Ra7 78. Rc6 Ra4+ 79. Kh5 Ra7 80. g6 Kg7 81. Rd6 Rb7 82. Rd5 Ra7 83. Re5 Rb7 84. Rf5 Ra7 85. Kg5 Rb7 86. Rd5 Ra7 87. Rb5 Rc7 88. Ra5 Rb7 89. Rc5 Rd7 90. Rf5 Ra7 91. Re5 Rb7 92. Rd5 Ra7 93. Rb5 Rc7 94. Ra5 Rb7 95. Rc5 Rd7 96. Rb5 Ra7 97. Rf5 Rc7 98. Kf4 Rb7 99. Rd5 Kxg6 100. Rd6+ Kf7 101. Ke5 Ke7 102. Kd5 Rb5+ 103. Kc6 Rb6+ 104. Kxb6 Kxd6 1/2-1/2


[Site "https://www.chess.com"]

[Event "Titled Tuesday Blitz April 11 Early 2023"]
[White "Dwilewicz, Katarzyna"]
[Black "Belov, Alexei"]
[WhiteFideId "1148486"]
[BlackFideId "4128206"]
[WhiteElo "2065"]
[BlackElo "2646"]
[Result "0-1"]
[Round "01"]
[TimeControl "180+2"]
[Date "2023.04.11"]
[WhiteClock "0:00:02"]
[BlackClock "0:00:39"]

1. e4 e6 2. d4 d5 3. Bd3 dxe4 4. Bxe4 Nf6 5. Bf3 c5 6. Ne2 Nc6 7. Be3 cxd4 8. Nxd4 Ne5 9. Nc3 a6 10. O-O Be7 11. Be2 Qc7 12. f4 Nc4 13. Bxc4 Qxc4 14. Qf3 O-O 15. Rad1 Bd7 16. Rfe1 Bb4 17. Bf2 Bxc3 18. bxc3 b5 19. Nb3 Bc6 20. Qe2 Qxf4 21. Bd4 Ng4 22. g3 Qf3 23. Qxf3 Bxf3 24. Rd3 Bd5 25. h3 Nf6 26. a3 Rac8 27. Nc5 Bc4 28. Rf3 Nd5 29. Nxa6 Ra8 30. Nb4 Rxa3 31. Nxd5 Bxd5 32. Bc5 Bxf3 33. Bxa3 Rd8 34. Kf2 Bc6 35. Ke3 f6 36. Bb4 Ra8 37. Rd1 Bd5 38. g4 Kf7 39. h4 h6 40. Rd2 Rc8 41. Rf2 Rc4 42. Rf4 Rxf4 43. Kxf4 g5+ 44. hxg5 hxg5+ 45. Ke3 e5 46. Bd6 Ke6 47. Bc7 Bg2 48. Bd8 Bd5 49. Bc7 Ba2 50. Bd8 Bb1 51. Kd2 f5 52. gxf5+ Kxf5 53. Be7 g4 54. Kc1 Ba2 55. Kd2 Kf4 56. Ke2 g3 57. Bc5 Bc4+ 58. Ke1 Kf3 0-1


[Site "https://www.chess.com"]

[Event "Titled Tuesday Blitz April 11 Early 2023"]
[White "Mamedov, Edgar"]
[Black "Smith, Garrett L"]
[WhiteFideId "13739980"]
[BlackFideId "2024829"]
[WhiteElo "2330"]
[BlackElo "2321"]
[Result "1-0"]
[Round "01"]
[TimeControl "180+2"]
[Date "2023.04.11"]
[WhiteClock "0:00:03"]
[BlackClock "0:00:05"]

1. d4 Nf6 2. Nf3 g6 3. g3 Bg7 4. Bg2 c6 5. O-O d5 6. c4 O-O 7. b3 a5 8. Nc3 Na6 9. Bb2 Bf5 10. Ne5 Nc7 11. Rc1 dxc4 12. Nxc4 Ncd5 13. Nxd5 cxd5 14. Ne5 Rc8 15. Rxc8 Qxc8 16. Qd2 b6 17. Rc1 Qa6 18. Ba3 Re8 19. Nc6 Bf8 20. Qg5 b5 21. Bf1 Ne4 22. Qe3 b4 23. Bb2 h5 24. f3 Nd6 25. Qe5 Be6 26. e4 Qb6 27. exd5 Bd7 28. Qf4 Bg7 29. Ne5 Bb5 30. Bc4 Bxc4 31. bxc4 Nf5 32. c5 Qb5 33. Qe4 Bh6 34. Re1 Bd2 35. Rd1 Be3+ 36. Kg2 a4 37. Re1 Bh6 38. g4 hxg4 39. fxg4 Nh4+ 40. Kg3 Bg5 41. Bc1 Bxc1 42. Rxc1 g5 43. Qe3 f6 44. Nc6 b3 45. axb3 axb3 46. Nxe7+ Kf7 47. Qe6+ Kg7 48. Qe3 b2 49. Rb1 Qb4 50. d6 Ng6 51. Nf5+ Kf7 52. Nh6+ Kg7 53. Qxe8 Qc3+ 54. Kf2 Qc2+ 55. Qe2 Qxb1 56. Nf5+ Kh7 57. d7 Qg1+ 58. Kxg1 b1=Q+ 59. Kf2 Qb8 60. Qe8 Qxh2+ 61. Ke3 Qg1+ 62. Kd3 Qd1+ 63. Kc4 Qc1+ 64. Kd5 Qa3 65. d8=Q Qa2+ 66. Kd6 Qa6+ 67. c6 Qa3+ 68. Kd7 Qg3 69. Qf7# 1-0


[Site "https://www.chess.com"]

[Event "Titled Tuesday Blitz April 11 Early 2023"]
[White "Rian, Kapriaga"]
[Black "Munkhgal, Gombosuren"]
[WhiteFideId "7103263"]
[BlackFideId "4901266"]
[WhiteElo "2318"]
[BlackElo "2528"]
[Result "0-1"]
[Round "01"]
[TimeControl "180+2"]
[Date "2023.04.11"]
[WhiteClock "0:00:04"]
[BlackClock "0:00:19"]

1. d4 d5 2. Bf4 e6 3. Nf3 Bd6 4. Bg3 Nf6 5. e3 O-O 6. Nbd2 b6 7. Bd3 Bb7 8. O-O Ne4 9. Bxd6 Qxd6 10. c4 Nd7 11. Qc2 f5 12. Rac1 Rac8 13. Qa4 Bc6 14. Qb3 Rf6 15. cxd5 Bxd5 16. Bc4 Rh6 17. h3 Rg6 18. Nxe4 Bxe4 19. Ne1 c5 20. f3 Bb7 21. Bb5 cxd4 22. Rxc8+ Bxc8 23. exd4 Qxd4+ 24. Kh1 Nc5 25. Qc2 Bb7 26. a3 a5 27. Nd3 Nxd3 28. Bxd3 h5 29. Bc4 Kh7 30. Qb3 Qd2 31. Rg1 Qd6 32. Bb5 Qg3 33. Be8 Rg5 34. Qxe6 Bxf3 35. Bc6 Qxh3# 0-1


[Site "https://www.chess.com"]

[Event "Titled Tuesday Blitz April 11 Early 2023"]
[White "Papp, Levente"]
[Black "Eggleston, Thomas A"]
[WhiteFideId "751243"]
[BlackFideId "412139"]
[WhiteElo "2380"]
[BlackElo "2155"]
[Result "1-0"]
[Round "01"]
[TimeControl "180+2"]
[Date "2023.04.11"]
[WhiteClock "0:00:45"]
[BlackClock "0:01:08"]

1. b3 e5 2. Bb2 d6 3. c4 f5 4. d4 e4 5. e3 Nf6 6. Nc3 c6 7. d5 Be7 8. Nh3 Nbd7 9. Nf4 Ne5 10. h4 O-O 11. Be2 a5 12. h5 h6 13. Qc2 Bd7 14. a4 cxd5 15. Ncxd5 Nxd5 16. Nxd5 Be6 17. O-O-O Bxd5 18. Rxd5 Qc7 19. Kb1 Bf6 20. Rhd1 Rad8 21. Qd2 Be7 22. Qxa5 b6 23. Qb5 Nc6 24. Rxf5 Rfe8 25. Qd5+ Kh8 26. Bxg7+ Kxg7 27. Rf7+ Kh8 28. Qxe4 1-0


[Site "https://www.chess.com"]

[Event "Titled Tuesday Blitz April 11 Early 2023"]
[White "Ruiz Aguilar, Pablo Alexander"]
[Black "Borgaonkar Akshay"]
[WhiteFideId "4401352"]
[BlackFideId "25639110"]
[WhiteElo "2138"]
[BlackElo "2063"]
[Result "1-0"]
[Round "01"]
[TimeControl "180+2"]
[Date "2023.04.11"]
[WhiteClock "0:01:16"]
[BlackClock "0:00:08"]

1. e4 g6 2. Nf3 Bg7 3. d4 c6 4. h3 d5 5. e5 f6 6. exf6 Nxf6 7. Be2 O-O 8. O-O Ne4 9. Nbd2 Bf5 10. Nxe4 Bxe4 11. c3 h6 12. Ne5 Nd7 13. f4 Nxe5 14. fxe5 Rxf1+ 15. Bxf1 e6 16. Qg4 Qe7 17. Be3 Rf8 18. Be2 b6 19. Rf1 Rxf1+ 20. Bxf1 c5 21. a3 Bf5 22. Qg3 cxd4 23. Bxd4 Kh7 24. Bd3 Bxd3 25. Qxd3 Qg5 26. Qe2 Qc1+ 27. Kh2 h5 28. Qf2 Kg8 29. g3 Qg5 30. h4 Qg4 31. Qe3 Qf5 32. Qe2 Bh6 33. Kg2 Bc1 34. a4 Qb1 35. b4 Qb2 36. Qxb2 Bxb2 37. Kf3 Bc1 38. Ke2 Kf7 39. b5 Ba3 40. a5 Ke7 41. Bxb6 axb6 42. a6 1-0


[Site "https://www.chess.com"]

[Event "Titled Tuesday Blitz April 11 Early 2023"]
[White "Danielyan, Vahe"]
[Black "micke12a"]
[WhiteFideId "13304828"]
[WhiteElo "2423"]
[BlackElo "2317"]
[Result "1-0"]
[Round "01"]
[TimeControl "180+2"]
[Date "2023.04.11"]
[WhiteClock "0:02:04"]
[BlackClock "0:01:49"]

1. d4 Nf6 2. c4 c5 3. d5 b5 4. cxb5 a6 5. bxa6 g6 6. Nc3 Bg7 7. Nf3 O-O 8. a7 Rxa7 9. e4 e6 10. Be2 exd5 11. exd5 d6 12. O-O Na6 13. h3 Bb7 14. Bf4 Ne8 15. a3 Nac7 16. Bc4 Qa8 17. Qd2 Bxc3 18. Qxc3 f6 19. Rad1 Nxd5 20. Qb3 Nc7 21. Bxd6 Kg7 22. Bxf8+ Qxf8 23. Bxd5 Bxd5 24. Rxd5 Nxd5 25. Qxd5 1-0


[Site "https://www.chess.com"]

[Event "Titled Tuesday Blitz April 11 Early 2023"]
[White "Orzech, Dominik"]
[Black "Bodnaruk, Anastasia"]
[WhiteFideId "1115065"]
[BlackFideId "4181751"]
[WhiteElo "2260"]
[BlackElo "2310"]
[Result "0-1"]
[Round "01"]
[TimeControl "180+2"]
[Date "2023.04.11"]
[WhiteClock "0:00:24"]
[BlackClock "0:02:20"]

1. d4 Nf6 2. Nf3 g6 3. c4 Bg7 4. g3 O-O 5. Bg2 d6 6. O-O Nc6 7. Nc3 a6 8. h3 Rb8 9. Be3 b5 10. Nd2 Bd7 11. d5 Na5 12. cxb5 axb5 13. b4 Nc4 14. Nxc4 bxc4 15. Rb1 e6 16. dxe6 fxe6 0-1


[Site "https://www.chess.com"]

[Event "Titled Tuesday Blitz April 11 Early 2023"]
[White "Megalios, Konstantinos"]
[Black "Mikayel99"]
[WhiteFideId "4238044"]
[WhiteElo "2277"]
[BlackElo "2316"]
[Result "1-0"]
[Round "01"]
[TimeControl "180+2"]
[Date "2023.04.11"]
[WhiteClock "0:00:19"]
[BlackClock "0:00:13"]

1. e4 c5 2. Nf3 d6 3. d4 cxd4 4. Nxd4 Nf6 5. Nc3 a6 6. Be3 e5 7. Nb3 Be7 8. f3 Be6 9. Qd2 h5 10. O-O-O Nbd7 11. Kb1 Rc8 12. Nd5 Nxd5 13. exd5 Bf5 14. Bd3 Bxd3 15. Qxd3 Bg5 16. Bf2 b5 17. g3 O-O 18. h4 Bh6 19. g4 Bf4 20. Rhe1 Rc4 21. Re4 Rxe4 22. Qxe4 Nf6 23. Qe2 Qc7 24. Be1 Rc8 25. g5 Nd7 26. Na5 Nb6 27. b3 g6 28. Qe4 Kg7 29. Bb4 Bg3 30. Rc1 Bf4 31. Rd1 Bg3 32. Nc6 Nxd5 33. Rxd5 Qxc6 34. Bxd6 Bxh4 35. Bxe5+ Kg8 36. Rd8+ Kh7 37. Qxc6 Rxc6 38. Rh8# 1-0


[Site "https://www.chess.com"]

[Event "Titled Tuesday Blitz April 11 Early 2023"]
[White "Ward, Ieuan C"]
[Black "Seo, Jung Min"]
[WhiteFideId "406627"]
[BlackFideId "1734687"]
[WhiteElo "2316"]
[BlackElo "2468"]
[Result "1/2-1/2"]
[Round "01"]
[TimeControl "180+2"]
[Date "2023.04.11"]
[WhiteClock "0:00:26"]
[BlackClock "0:01:19"]

1. e4 c5 2. Nf3 d6 3. d4 cxd4 4. Nxd4 Nf6 5. Nc3 Nc6 6. Nxc6 bxc6 7. e5 dxe5 8. Qxd8+ Kxd8 9. Bc4 e6 10. O-O Nd5 11. Ne4 h6 12. Re1 f5 13. Ng3 e4 14. b3 Be7 15. Bb2 Bf6 16. Bxf6+ Nxf6 17. f3 exf3 18. Bxe6 fxg2 19. Nxf5 g6 20. Bxc8 Rxc8 21. Re6 gxf5 22. Rxf6 Kc7 23. Kxg2 Rcg8+ 24. Kf2 Rg5 25. Rg1 Rd8 26. Rxg5 hxg5 27. Rxf5 Rd2+ 28. Kg3 Rxc2 29. Rxg5 Rxa2 30. h4 Rb2 31. h5 Rxb3+ 32. Kg4 Rb4+ 33. Kf5 Rh4 34. Kg6 Kb6 35. h6 a5 36. h7 Rxh7 37. Kxh7 a4 38. Kg6 c5 39. Kf5 Kb5 40. Ke4 Kc4 41. Rg3 Kb4 42. Kd3 Kb3 43. Kd2+ Kb2 44. Kd3 a3 45. Kc4 a2 46. Rg2+ Ka3 47. Rxa2+ Kxa2 48. Kxc5 1/2-1/2


[Site "https://www.chess.com"]

[Event "Titled Tuesday Blitz April 11 Early 2023"]
[White "Kaidanov, Gregory"]
[Black "Havas, Ladislav"]
[WhiteFideId "2008564"]
[BlackFideId "14501090"]
[WhiteElo "2547"]
[BlackElo "2202"]
[Result "0-1"]
[Round "01"]
[TimeControl "180+2"]
[Date "2023.04.11"]
[WhiteClock "0:02:58"]
[BlackClock "0:02:55"]

1. Nf3 Nf6 2. g3 g6 3. b3 Bg7 4. Bb2 O-O 5. Bg2 d6 6. d4 Nbd7 7. O-O e5 8. dxe5 Ng4 9. c4 Ngxe5 10. Qd2 Nxf3+ 11. Bxf3 Bxb2 12. Qxb2 Qf6 13. Bg2 Qxb2 0-1


[Site "https://www.chess.com"]

[Event "Titled Tuesday Blitz April 11 Early 2023"]
[White "Novikova, Galina"]
[Black "Perez Gormaz, Matias"]
[WhiteFideId "4157095"]
[BlackFideId "3406342"]
[WhiteElo "1953"]
[BlackElo "2362"]
[Result "1-0"]
[Round "01"]
[TimeControl "180+2"]
[Date "2023.04.11"]
[WhiteClock "0:00:39"]
[BlackClock "0:00:01"]

1. e4 c5 2. Nf3 e6 3. b4 cxb4 4. a3 d5 5. e5 Nc6 6. axb4 Bxb4 7. c3 Be7 8. d4 f6 9. Bd3 fxe5 10. dxe5 Nh6 11. Bxh6 gxh6 12. Qc2 Qc7 13. O-O Nxe5 14. Nxe5 Qxe5 15. Bxh7 Qg7 16. Bg6+ Kd7 17. Bd3 b6 18. Na3 Bb7 19. c4 Rhc8 20. Qe2 Rc5 21. Rfe1 Qf6 22. cxd5 Bxd5 23. Be4 Rf8 24. Bxd5 Rxd5 25. Nc4 Bc5 26. Rxa7+ Kc6 27. Ne3 Re5 28. Rb1 Rg5 29. Qb5+ Kd6 30. Rd1+ Ke5 31. Qb2+ Ke4 32. Ra4+ 1-0


[Site "https://www.chess.com"]

[Event "Titled Tuesday Blitz April 11 Early 2023"]
[White "Kalashian, David"]
[Black "Dishman, Stephen"]
[WhiteFideId "13302418"]
[BlackFideId "403024"]
[WhiteElo "2490"]
[BlackElo "2204"]
[Result "1-0"]
[Round "01"]
[TimeControl "180+2"]
[Date "2023.04.11"]
[WhiteClock "0:00:46"]
[BlackClock "0:00:08"]

1. e4 c5 2. Nc3 Nc6 3. Nf3 g6 4. h4 Bg7 5. h5 d6 6. Bc4 e6 7. d3 Nd4 8. Nxd4 cxd4 9. Ne2 a6 10. a4 Ne7 11. Bf4 Nc6 12. Qd2 Qa5 13. Bxd6 Qxd2+ 14. Kxd2 Bd7 15. hxg6 hxg6 16. Rxh8+ Bxh8 17. Rh1 O-O-O 18. Ba2 Be5 19. Bxe5 Nxe5 20. Nxd4 Bxa4 21. Nf3 Nxf3+ 22. gxf3 Kd7 23. c3 Ke7 24. Ke3 Bc6 25. f4 Kf6 26. Rh7 Rg8 27. f3 Bd7 28. Bc4 g5 29. Rh6+ Ke7 30. fxg5 Rxg5 31. b4 Rg2 32. Rh8 Rc2 33. Kd4 f6 34. f4 Rf2 35. Ke3 Rc2 36. Kd4 Rf2 37. Rh7+ Kd6 38. e5+ fxe5+ 39. fxe5+ Kc6 40. Rh6 Rf4+ 41. Ke3 Rf5 42. Ke4 Rg5 43. Bxe6 Bxe6 44. Rxe6+ Kb5 45. Re7 b6 46. d4 a5 47. bxa5 bxa5 48. d5 a4 49. Ra7 Rg4+ 50. Kf5 Rc4 51. d6 Rxc3 52. d7 Rd3 53. e6 Kb4 54. e7 1-0


[Site "https://www.chess.com"]

[Event "Titled Tuesday Blitz April 11 Early 2023"]
[White "Haub, Thorsten Michael"]
[Black "Ismagilov, Damir"]
[WhiteFideId "4610776"]
[BlackFideId "34199982"]
[WhiteElo "2344"]
[BlackElo "2078"]
[Result "1-0"]
[Round "01"]
[TimeControl "180+2"]
[Date "2023.04.11"]
[WhiteClock "0:00:29"]
[BlackClock "0:00:13"]

1. g3 Nf6 2. Bg2 g6 3. d3 Bg7 4. e4 d6 5. Nf3 O-O 6. O-O e5 7. Nbd2 Nc6 8. c3 Ne7 9. Re1 Be6 10. d4 exd4 11. Nxd4 Bg4 12. Qb3 c5 13. N4f3 Qc7 14. Nc4 Nc6 15. Bf4 Be6 16. Bxd6 Bxc4 17. Bxc7 Bxb3 18. axb3 b6 19. Bd6 Rfd8 20. e5 Ne8 21. Ng5 Nxd6 22. Bxc6 Rac8 23. exd6 Rxc6 24. Rxa7 Rcxd6 25. Nxf7 Rd1 26. Rxd1 Rxd1+ 27. Kg2 Rd2 28. Ng5 Bh6 29. Ne4 Rxb2 30. Nf6+ Kf8 31. Nxh7+ Ke8 32. Nf6+ Kd8 33. Nd5 Rxb3 34. c4 b5 35. cxb5 Rxb5 36. Ra6 c4 37. Rxg6 Bf8 38. Ne3 Rc5 39. Rf6 Bg7 40. Rf5 Rc7 41. Rd5+ Ke8 42. Rd2 c3 43. Re2 Kf7 44. h4 Bh6 45. Rc2 Ke6 46. Kf3 Ke5 47. Ng4+ Kd4 48. Nxh6 Kd3 49. Rxc3+ Kxc3 50. Nf5 Kc4 51. Kg4 Kd5 52. f4 Ke6 53. h5 Rc5 54. Nd4+ Kf6 55. Kh4 Rc4 56. Nf3 Rc1 57. Kg4 Rh1 58. Ng5 Rh2 59. Ne4+ Kg7 60. Kg5 Re2 61. Nd6 Rd2 62. Nf5+ Kh7 63. g4 Rf2 64. Nd6 Rd2 65. Ne4 Rd4 66. Nf6+ Kg7 67. h6+ Kf7 68. Nh5 Rd8 69. Ng3 Rg8+ 70. Kh5 Ra8 71. g5 Ra4 72. f5 Ra3 73. Ne4 Rh3+ 74. Kg4 Re3 75. g6+ Kg8 76. Nf6+ Kf8 77. g7+ Kf7 78. g8=Q+ Kxf6 79. Qg7# 1-0


[Site "https://www.chess.com"]

[Event "Titled Tuesday Blitz April 11 Early 2023"]
[White "Skvortsov, Andrei"]
[Black "Prudnykova, Olga"]
[WhiteFideId "24108600"]
[BlackFideId "14121093"]
[WhiteElo "2259"]
[BlackElo "2113"]
[Result "1-0"]
[Round "01"]
[TimeControl "180+2"]
[Date "2023.04.11"]
[WhiteClock "0:01:38"]
[BlackClock "0:01:24"]

1. e4 c5 2. d4 cxd4 3. Qxd4 Nc6 4. Qd3 e5 5. Nc3 Nf6 6. Bg5 Be7 7. O-O-O O-O 8. Kb1 a6 9. Bxf6 Bxf6 10. Nd5 Bg5 11. h4 Bh6 12. g3 b5 13. g4 Bf4 14. Nxf4 exf4 15. Qd6 Qa5 16. Rh3 Re8 17. Qxf4 b4 18. Bc4 Ne5 19. Bb3 Bb7 20. Re3 Bc6 21. Qg3 Qb6 22. f4 Ng6 23. h5 Ne7 24. e5 a5 25. Ree1 a4 26. Bc4 Qc5 27. Qd3 Rab8 28. Qd4 Qa5 29. h6 Ng6 30. e6 1-0


[Site "https://www.chess.com"]

[Event "Titled Tuesday Blitz April 11 Early 2023"]
[White "Idnani, Roshan"]
[Black "Vaibhav Jayant Raut"]
[WhiteFideId "2072939"]
[BlackFideId "5089034"]
[WhiteElo "2307"]
[BlackElo "2156"]
[Result "0-1"]
[Round "01"]
[TimeControl "180+2"]
[Date "2023.04.11"]
[WhiteClock "0:00:21"]
[BlackClock "0:00:40"]

1. e4 c5 2. Nf3 e6 3. b3 Nc6 4. Bb2 d5 5. exd5 exd5 6. Qe2+ Be6 7. d4 Nf6 8. g3 Be7 9. Bg2 O-O 10. O-O Re8 11. Rd1 Bf8 12. Qb5 Qc7 13. h3 a6 14. Qd3 Nb4 15. Qd2 Ne4 16. Qc1 Rac8 17. c3 Nc6 18. Nbd2 cxd4 19. Nxd4 Nxd4 20. cxd4 Qa5 21. Nc4 dxc4 22. Bxe4 c3 23. Bxb7 cxb2 24. Qxb2 Rc7 25. Bg2 Bb4 26. d5 Bc3 27. Qe2 Bxa1 28. dxe6 Bf6 29. Bd5 fxe6 30. Bxe6+ Kh8 31. Qg4 Rce7 32. Bc4 Re1+ 33. Rxe1 Qxe1+ 34. Kg2 Qe4+ 35. Qxe4 Rxe4 36. Kf3 Rd4 0-1


[Site "https://www.chess.com"]

[Event "Titled Tuesday Blitz April 11 Early 2023"]
[White "Annaberdiyev, Meylis"]
[Black "a-z30"]
[WhiteFideId "14000563"]
[WhiteElo "2416"]
[BlackElo "2306"]
[Result "1-0"]
[Round "01"]
[TimeControl "180+2"]
[Date "2023.04.11"]
[WhiteClock "0:00:08"]
[BlackClock "0:00:15"]

1. e4 d6 2. d4 Nf6 3. Nc3 g6 4. Be3 Bg7 5. f3 O-O 6. Qd2 e5 7. O-O-O Nc6 8. Nge2 h5 9. Bg5 exd4 10. Nxd4 Nxd4 11. Qxd4 Be6 12. Qe3 Re8 13. h3 c6 14. Bf4 d5 15. g4 Qa5 16. a3 dxe4 17. fxe4 hxg4 18. hxg4 Bxg4 19. Bh6 Bh8 20. Bg5 Bxd1 21. Rxh8+ Kxh8 22. Bxf6+ Kh7 23. Kxd1 Qh5+ 24. Kc1 Re6 25. e5 Rae8 26. Ne4 Rxe5 27. Bxe5 Qxe5 28. Bd3 f5 29. Nf6+ Qxf6 30. Qxe8 f4 31. Qd7+ Kh6 32. Qh3+ Kg7 33. Qf3 Qe5 34. Kb1 g5 35. Qh5 Qf6 36. Qh7+ Kf8 37. Qxb7 g4 38. Qa8+ Kg7 39. Qxa7+ Kh6 40. Qh7+ Kg5 41. Qg8+ Kh4 42. Qh7+ Kg3 43. Qh1 f3 44. a4 Qe5 45. Qg1+ Kh4 46. Qf2+ Qg3 47. Qxg3+ Kxg3 48. a5 Kf2 49. a6 g3 50. a7 g2 51. a8=Q g1=Q+ 52. Ka2 Qe1 53. Qxc6 Qe3 54. b4 Ke1 55. Qe4 1-0


[Site "https://www.chess.com"]

[Event "Titled Tuesday Blitz April 11 Early 2023"]
[White "Rose, Felix"]
[Black "Veiga, Jose Francisco R P Neves"]
[WhiteFideId "5105722"]
[BlackFideId "1930087"]
[WhiteElo "2039"]
[BlackElo "2320"]
[Result "0-1"]
[Round "01"]
[TimeControl "180+2"]
[Date "2023.04.11"]
[WhiteClock "0:00:04"]
[BlackClock "0:00:26"]

1. e4 Nc6 2. Nf3 e5 3. Bb5 Nge7 4. c3 a6 5. Ba4 d5 6. exd5 Qxd5 7. O-O Bg4 8. h3 Bxf3 9. Qxf3 Qxf3 10. gxf3 O-O-O 11. Bc2 g6 12. d3 Nf5 13. Nd2 Bh6 14. Ne4 Bxc1 15. Raxc1 Nh4 16. Kh2 Ne7 17. Rfd1 Nef5 18. Nd2 Nd6 19. Re1 f6 20. Re3 Nhf5 21. Re2 g5 22. Ne4 Nxe4 23. fxe4 Nh4 24. Re3 Ng6 25. Rd1 c5 26. Bb3 Nf4 27. a4 Kc7 28. a5 h5 29. Bc4 h4 30. Rd2 Rd6 31. Re1 Rhd8 32. Re3 Kd7 33. b4 cxb4 34. cxb4 Ke7 35. b5 axb5 36. Bxb5 Ra8 37. Ra2 Rb6 38. Bc4 Rb1 39. Bd5 Rc8 40. Bc4 Rc5 0-1


[Site "https://www.chess.com"]

[Event "Titled Tuesday Blitz April 11 Early 2023"]
[White "Domingo Nunez, Ruben"]
[Black "crosky"]
[WhiteFideId "22245570"]
[WhiteElo "2404"]
[BlackElo "2304"]
[Result "1-0"]
[Round "01"]
[TimeControl "180+2"]
[Date "2023.04.11"]
[WhiteClock "0:01:31"]
[BlackClock "0:00:42"]

1. b3 e5 2. Bb2 Nc6 3. e3 Nf6 4. Bb5 Bd6 5. Nf3 Qe7 6. Bxc6 dxc6 7. c4 O-O 8. d4 e4 9. Nfd2 Bg4 10. Qc2 Rfe8 11. Nc3 Bb4 12. a3 Bxc3 13. Qxc3 a5 14. h3 Bf5 15. a4 b5 16. axb5 cxb5 17. d5 bxc4 18. bxc4 Qb4 19. Ke2 Reb8 20. Qxb4 Rxb4 21. Bc3 Rb7 22. Rxa5 Rxa5 23. Bxa5 Nd7 24. Ra1 h5 25. Bc3 Nc5 26. Bd4 Nd3 27. f3 exf3+ 28. gxf3 Nb2 29. e4 Bxh3 30. Rb1 1-0


[Site "https://www.chess.com"]

[Event "Titled Tuesday Blitz April 11 Early 2023"]
[White "Kula, Robert"]
[Black "Zarubitski, Viachaslau"]
[WhiteFideId "1101218"]
[BlackFideId "13509373"]
[WhiteElo "2180"]
[BlackElo "2284"]
[Result "0-1"]
[Round "01"]
[TimeControl "180+2"]
[Date "2023.04.11"]
[WhiteClock "0:00:47"]
[BlackClock "0:00:23"]

1. d4 Nf6 2. c4 c6 3. Nc3 d5 4. Nf3 dxc4 5. a4 Bf5 6. e3 e6 7. Bxc4 Bb4 8. O-O Nbd7 9. Bd2 O-O 10. Qb3 a5 11. Rfe1 Qe7 12. e4 Bg4 13. e5 Nd5 14. Nxd5 exd5 15. Bxb4 Qxb4 16. Qxb4 axb4 17. Bd3 Rfe8 18. Nd2 f6 19. h3 Be6 20. f4 fxe5 21. fxe5 c5 22. Bb5 c4 23. Nf3 h6 24. Nh4 Kh7 25. b3 Rec8 26. g4 g6 27. Ng2 g5 28. Ne3 cxb3 29. Rab1 Rc3 30. Kg2 Rf8 31. Rbc1 Nb6 32. a5 Nc4 33. Bxc4 dxc4 34. d5 Rxe3 35. Rxe3 Bxd5+ 36. Kg3 b2 37. Rd1 c3 38. Re2 Bf3 39. Rd7+ Kg8 40. Re1 Be4 41. Rxe4 b1=Q 42. Re2 Qg1+ 43. Rg2 Qe3+ 44. Kh2 Qxe5+ 45. Kg1 Qe3+ 46. Kh2 b3 47. Rxb7 c2 48. a6 c1=Q 49. Rxb3 Qxb3 50. a7 Qf4+ 51. Kg1 Qd1# 0-1


[Site "https://www.chess.com"]

[Event "Titled Tuesday Blitz April 11 Early 2023"]
[White "Piesik, Piotr"]
[Black "Qashashvili, Alexandre"]
[WhiteFideId "1136194"]
[BlackFideId "13600842"]
[WhiteElo "2299"]
[BlackElo "2405"]
[Result "1-0"]
[Round "01"]
[TimeControl "180+2"]
[Date "2023.04.11"]
[WhiteClock "0:01:06"]
[BlackClock "0:00:04"]

1. Nf3 c6 2. g3 d5 3. Bg2 Nf6 4. O-O Bf5 5. d3 Qc8 6. Nbd2 Bh3 7. e4 dxe4 8. dxe4 h5 9. Bxh3 Qxh3 10. Ng5 Qg4 11. Qxg4 Nxg4 12. Nc4 e6 13. Bf4 Nd7 14. Rad1 e5 15. Bc1 Bc5 16. Nxf7 Nxf2 17. Rxf2 Bxf2+ 18. Kxf2 O-O 19. Rxd7 Rxf7+ 20. Rxf7 Kxf7 21. Nxe5+ Ke6 22. Nd3 Rf8+ 23. Ke2 b6 24. a4 Rf7 25. Nf4+ Ke5 26. Ke3 g5 27. Nxh5 Rf1 28. Bd2 Rh1 29. Bc3+ Kd6 30. Ng7 Rxh2 31. Nf5+ Kd7 32. Kd3 Rf2 33. Bd4 Rf1 34. b3 g4 35. Be5 Ke6 36. Bf4 b5 37. Nd4+ Kd7 38. axb5 cxb5 39. Nxb5 a6 40. Nd4 Ke7 41. Nf5+ 1-0


[Site "https://www.chess.com"]

[Event "Titled Tuesday Blitz April 11 Early 2023"]
[White "Alahakoon, Isuru"]
[Black "Arabidze, Meri"]
[WhiteFideId "9900993"]
[BlackFideId "13604040"]
[WhiteElo "1995"]
[BlackElo "2405"]
[Result "0-1"]
[Round "01"]
[TimeControl "180+2"]
[Date "2023.04.11"]
[WhiteClock "0:00:05"]
[BlackClock "0:00:06"]

1. Nf3 b6 2. e4 Bb7 3. Nc3 g6 4. d4 Bg7 5. Bc4 e6 6. O-O h6 7. a4 a6 8. Re1 Ne7 9. Be3 d6 10. Qd2 Nd7 11. Rad1 g5 12. h3 Ng6 13. b4 O-O 14. d5 e5 15. Ne2 a5 16. b5 Nf6 17. Ng3 Bc8 18. Nh2 Nf4 19. Be2 Bd7 20. Ng4 Qc8 21. Nxf6+ Bxf6 22. Nh5 Bh8 23. h4 Bg4 24. Ng3 gxh4 25. Bxf4 hxg3 26. Bxg3 Bg7 27. Bxg4 Qxg4 28. Qe2 Qg6 29. Rd3 f5 30. Bh4 Kh7 31. Rg3 Qf7 32. exf5 Qxf5 33. Qe4 Qxe4 34. Rxe4 Rf7 35. Rc3 Bf8 36. f3 Ra7 37. Bd8 Rd7 38. Bh4 Be7 39. Bxe7 Rxe7 40. Rec4 Kg6 41. Kf2 Rf7 42. Ke3 h5 43. Rh4 Kg5 44. Rcc4 Rh7 45. g4 Ra8 46. Rxh5+ Rxh5 47. gxh5 Rc8 48. Ke4 Kxh5 49. f4 exf4 50. Kxf4 Kg6 51. Kg4 Kf6 52. Kf4 Ke7 53. Re4+ Kd7 54. Re6 Rf8+ 55. Ke4 Rf2 56. c4 Ra2 57. Rg6 Rxa4 58. Kd4 Kc8 59. Rg8+ Kb7 60. Rg7 Ra3 61. Rh7 Rb3 62. Rh2 a4 63. Ra2 a3 64. Ke4 Kc8 65. Kd4 Kd7 66. Rh2 Ke7 67. Rh7+ Kd8 68. Rh8+ Kd7 69. Rh7+ Kc8 70. Rh8+ Kb7 71. Rh2 Rb2 72. Rh3 a2 73. Ra3 Kc8 74. Kc3 Rf2 75. Kb3 Kd7 76. Rxa2 Rxa2 77. Kxa2 Ke7 78. Kb3 Kf6 79. Kc3 Kf5 80. Kd3 Kg5 81. Ke4 Kg4 82. Ke3 Kg3 83. Ke4 Kf2 84. Kf5 Ke3 85. Ke6 Kd4 86. Kd7 Kxc4 87. Kc6 Kd4 88. Kxc7 Kc5 0-1


[Site "https://www.chess.com"]